PAA
ASHEVILLE HIGHLANDERS @ NORTHVILLE ECLIPSE
08/23/2031
 
TOP OF THE 1ST
Asheville Highlanders batting - Pitching for Northville Eclipse : RHP Freddie Mayes
Pitching: RHP Freddie Mayes
Batting: RHB Harley Whitfield 0-0: SOLO HOME RUN (Line Drive, 7LD), Distance : 360 ft
Batting: LHB Jean Tannen 0-0: Fly out, F3 (Popup, 34)
Batting: LHB John Hansen 0-0: Swinging Strike
0-1: Foul Ball, location: 2F
0-2: Strikes out swinging
Batting: RHB Craig Tricket 0-0: Ball
1-0: Ball
2-0: Ball
3-0: Called Strike
3-1: Swinging Strike
3-2: Base on Balls
Batting: LHB Landon Harryman 0-0: Ball
1-0: Ball
2-0: Ball
3-0: Base on Balls
Craig Tricket to second
Batting: SHB Robert Hillier 0-0: Foul Ball, location: 2F
0-1: Ball
1-1: Swinging Strike
1-2: Ball
2-2: Ball
Passed Ball!
Craig Tricket to third
Landon Harryman to second
3-2: Base on Balls
Batting: SHB Jeff Lowe 0-0: Ball
1-0: Fly out, F9 (Flyball, 9D)
Top of the 1st over - 1 run, 1 hit, 0 errors, 3 left on base; Asheville 1 - Northville 0
BOTTOM OF THE 1ST
Northville Eclipse batting - Pitching for Asheville Highlanders : RHP Jim Eisenmenger
Pitching: RHP Jim Eisenmenger
Batting: RHB Alfonso Grappasonni 0-0: Ball
1-0: Foul Ball, location: 2F
1-1: Foul Ball, location: 2F
1-2: Foul Ball, location: 2F
1-2: Strikes out swinging, 2-3 out at first.
Batting: LHB Lonnie Murray 0-0: SINGLE (Groundball, 4D)
Batting: SHB Quentin Harrop 0-0: Ball
1-0: Fly out, F9 (Flyball, 89S)
Batting: RHB Syed Sarkar 0-0: Called Strike
0-1: Swinging Strike
0-2: SINGLE (Groundball, 6D)
Lonnie Murray to second
Batting: LHB Kade Eagleton 0-0: Called Strike
0-1: Foul Ball, location: 2F
0-2: Ball
1-2: SINGLE (Groundball, 4D)
Lonnie Murray to third
Syed Sarkar to second
Runner from 3rd tries for Home, SAFE, no throw
Batting: RHB Chang-lit Min 0-0: Called Strike
0-1: Fly out, F9 (Line Drive, 9LD)
Bottom of the 1st over - 1 run, 3 hits, 0 errors, 2 left on base; Asheville 1 - Northville 1
TOP OF THE 2ND
Asheville Highlanders batting - Pitching for Northville Eclipse : RHP Freddie Mayes
Batting: RHB Víctor Hernández 0-0: Fly out, F6 (Popup, 6MD)
Batting: LHB Félix Calixto 0-0: SOLO HOME RUN (Flyball, 9LD), Distance : 356 ft
Batting: RHB Harley Whitfield 0-0: Called Strike
0-1: Ball
1-1: Swinging Strike
1-2: Ball
2-2: Strikes out swinging
Batting: LHB Jean Tannen 0-0: Fly out, F9 (Flyball, 9)
Top of the 2nd over - 1 run, 1 hit, 0 errors, 0 left on base; Asheville 2 - Northville 1
BOTTOM OF THE 2ND
Northville Eclipse batting - Pitching for Asheville Highlanders : RHP Jim Eisenmenger
Batting: RHB Wallace Bane 0-0: Ball
1-0: Ball
2-0: Ball
3-0: Base on Balls
Batting: LHB Marvello Obra 0-0: Ball
Wallace Bane is caught stealing 2nd base
1-0: Foul Ball, location: 2F
1-1: Foul Ball, location: 2F
1-2: Ball
2-2: Ground out 6-3 (Groundball, 6)
Batting: RHB Sidney Mackell 0-0: Called Strike
0-1: Called Strike
0-2: Ball
1-2: Strikes out swinging
Bottom of the 2nd over - 0 runs, 0 hits, 0 errors, 0 left on base; Asheville 2 - Northville 1
TOP OF THE 3RD
Asheville Highlanders batting - Pitching for Northville Eclipse : RHP Freddie Mayes
Batting: LHB John Hansen 0-0: Ball
1-0: Called Strike
1-1: SINGLE (Line Drive, 7LS)
Batting: RHB Craig Tricket 0-0: Called Strike
0-1: Fly out, F8 (Flyball, 8RM)
Batting: LHB Landon Harryman 0-0: Ball
1-0: Swinging Strike
1-1: Fielders Choice at 2nd, 3-6 (Groundball, 3)
Batting: SHB Robert Hillier 0-0: Called Strike
0-1: Swinging Strike
0-2: Ball
1-2: Ball
Landon Harryman steals 2nd base
2-2: DOUBLE (Line Drive, 7LD)
Landon Harryman scores
Batting: SHB Jeff Lowe 0-0: Called Strike
0-1: Ball
1-1: Called Strike
1-2: Ball
2-2: Ball
3-2: Foul Ball, location: 2F
3-2: Foul Ball, location: 2F
3-2: Base on Balls
Batting: RHB Víctor Hernández 0-0: Called Strike
0-1: Called Strike
0-2: Foul Ball, location: 2F
0-2: Ball
1-2: Ball
2-2: Ball
3-2: Base on Balls
Robert Hillier to third
Jeff Lowe to second
Batting: LHB Félix Calixto 0-0: Called Strike
0-1: GRAND SLAM HOME RUN (Flyball, 9D), Distance : 407 ft
Batting: RHB Harley Whitfield 0-0: Ball
1-0: Ball
2-0: Called Strike
2-1: Called Strike
2-2: Strikes out looking
Top of the 3rd over - 5 runs, 3 hits, 0 errors, 0 left on base; Asheville 7 - Northville 1
BOTTOM OF THE 3RD
Northville Eclipse batting - Pitching for Asheville Highlanders : RHP Jim Eisenmenger
Batting: RHB Alfonso Grappasonni 0-0: Foul Ball, location: 2F
0-1: Ball
1-1: Ball
2-1: Swinging Strike
2-2: Ground out 4-3 (Groundball, 4)
Batting: LHB Lonnie Murray 0-0: Ball
1-0: Called Strike
1-1: Ball
2-1: Fly out, F8 (Flyball, 8RM)
Batting: SHB Quentin Harrop 0-0: Swinging Strike
0-1: Ground out 3-1 (Groundball, 34)
Bottom of the 3rd over - 0 runs, 0 hits, 0 errors, 0 left on base; Asheville 7 - Northville 1
TOP OF THE 4TH
Asheville Highlanders batting - Pitching for Northville Eclipse : RHP Freddie Mayes
Batting: LHB Jean Tannen 0-0: Ground out 1-3 (Groundball, 13S)
Batting: LHB John Hansen 0-0: Ground out 4-3 (Groundball, 34)
Batting: RHB Craig Tricket 0-0: Ball
1-0: Called Strike
1-1: Ball
2-1: Ball
3-1: Ground out 4-3 (Groundball, 4M)
Top of the 4th over - 0 runs, 0 hits, 0 errors, 0 left on base; Asheville 7 - Northville 1
BOTTOM OF THE 4TH
Northville Eclipse batting - Pitching for Asheville Highlanders : RHP Jim Eisenmenger
Batting: RHB Syed Sarkar 0-0: Called Strike
0-1: Swinging Strike
0-2: Foul Ball, location: 2F
0-2: Ball
1-2: Foul Ball, location: 2F
1-2: SINGLE (Flyball, 7S)
Batting: LHB Kade Eagleton 0-0: Grounds into double play, 4-6-3 (Groundball, 4)
Batting: RHB Chang-lit Min 0-0: Called Strike
0-1: Ball
1-1: Ground out 5-3 (Groundball, 56)
Bottom of the 4th over - 0 runs, 1 hit, 0 errors, 0 left on base; Asheville 7 - Northville 1
TOP OF THE 5TH
Asheville Highlanders batting - Pitching for Northville Eclipse : RHP Freddie Mayes
Batting: LHB Landon Harryman 0-0: Swinging Strike
0-1: Ground out 6-3 (Groundball, 6)
Batting: SHB Robert Hillier 0-0: Ball
1-0: Ball
2-0: Ball
3-0: Base on Balls
Batting: SHB Jeff Lowe 0-0: Called Strike
0-1: SINGLE (Groundball, 56D)
Robert Hillier to second
Pitching: RHP Ricardo Ramírez
Batting: RHB Víctor Hernández 0-0: Called Strike
0-1: Ball
1-1: Ball
2-1: Fielders Choice at 2nd, 6-4 (Groundball, 6)
Robert Hillier to third
Batting: LHB Félix Calixto 0-0: Called Strike
Pickoff Throw to First - Error! E1
Robert Hillier scores
Víctor Hernández to second
0-1: Swinging Strike
0-2: Ball
1-2: Ball
2-2: Fly out, F9 (Flyball, 9LD)
Top of the 5th over - 1 run, 1 hit, 1 error, 1 left on base; Asheville 8 - Northville 1
BOTTOM OF THE 5TH
Northville Eclipse batting - Pitching for Asheville Highlanders : RHP Jim Eisenmenger
Batting: RHB Wallace Bane 0-0: Called Strike
0-1: Ball
1-1: Ball
2-1: Foul Ball, location: 2F
2-2: Ground out 6-3 (Groundball, 6)
Batting: LHB Marvello Obra 0-0: Ball
1-0: Swinging Strike
1-1: Ball
2-1: Called Strike
2-2: Strikes out looking
Batting: RHB Sidney Mackell 0-0: Foul Ball, location: 2F
0-1: Foul Ball, location: 2F
0-2: Ball
1-2: SINGLE (Line Drive, 8LS)
Batting: RHB Alfonso Grappasonni 0-0: Ball
1-0: Called Strike
1-1: Foul Ball, location: 2F
1-2: Foul Ball, location: 2F
1-2: Ground out 3-1 (Groundball, 34)
Bottom of the 5th over - 0 runs, 1 hit, 0 errors, 1 left on base; Asheville 8 - Northville 1
TOP OF THE 6TH
Asheville Highlanders batting - Pitching for Northville Eclipse : RHP Ricardo Ramírez
Batting: RHB Harley Whitfield 0-0: Called Strike
0-1: Called Strike
0-2: Strikes out swinging
Batting: LHB Jean Tannen 0-0: Ball
1-0: Foul Ball, location: 2F
1-1: Fly out, F7 (Flyball, 7)
Batting: LHB John Hansen 0-0: Ball
1-0: Fly out, F9 (Flyball, 9LSF)
Top of the 6th over - 0 runs, 0 hits, 0 errors, 0 left on base; Asheville 8 - Northville 1
BOTTOM OF THE 6TH
Northville Eclipse batting - Pitching for Asheville Highlanders : RHP Jim Eisenmenger
Batting: LHB Lonnie Murray 0-0: Foul Ball, location: 2F
0-1: Swinging Strike
0-2: Ball
1-2: Ball
2-2: Ground out 5-3 (Groundball, 56)
Batting: SHB Quentin Harrop 0-0: Called Strike
0-1: Ball
1-1: Foul Ball, location: 2F
1-2: Foul Ball, location: 2F
1-2: Ground out 1-3 (Groundball, P)
Batting: RHB Syed Sarkar 0-0: Fly out, F5 (Line Drive, 56)
Bottom of the 6th over - 0 runs, 0 hits, 0 errors, 0 left on base; Asheville 8 - Northville 1
TOP OF THE 7TH
Asheville Highlanders batting - Pitching for Northville Eclipse : RHP Ricardo Ramírez
Batting: RHB Craig Tricket 0-0: Called Strike
0-1: Ball
1-1: Foul Ball, location: 2F
1-2: Fly out, F7 (Flyball, 7D)
Batting: LHB Landon Harryman 0-0: Foul Ball, location: 2F
0-1: Ball
1-1: Ball
2-1: Swinging Strike
2-2: Ball
3-2: Strikes out swinging
Batting: SHB Robert Hillier 0-0: Ball
1-0: Ball
2-0: Called Strike
2-1: SINGLE (Flyball, 78M)
Batting: SHB Jeff Lowe 0-0: Ball
1-0: Ball
2-0: Called Strike
2-1: DOUBLE (Line Drive, 9LS)
Robert Hillier to third
Runner from 3rd tries for Home, SAFE, no throw
Batting: RHB Víctor Hernández 0-0: Ball
1-0: SINGLE (Line Drive, 89S)
Jeff Lowe to third
Runner from 3rd tries for Home, SAFE, no throw
Batting: LHB Félix Calixto 0-0: Ground out 4-3 (Groundball, 4M)
Top of the 7th over - 2 runs, 3 hits, 0 errors, 1 left on base; Asheville 10 - Northville 1
BOTTOM OF THE 7TH
Northville Eclipse batting - Pitching for Asheville Highlanders : RHP Jim Eisenmenger
Now at 2B: José Segura
Batting: LHB Kade Eagleton 0-0: Ball
1-0: Called Strike
1-1: Ball
2-1: Swinging Strike
2-2: Ball
3-2: Base on Balls
Pitching: RHP Howard Jamerson
Batting: RHB Chang-lit Min 0-0: Called Strike
0-1: Ball
1-1: Ball
2-1: Foul Ball, location: 2F
2-2: Ball
3-2: Fly out, F4 (Line Drive, 4MD)
Pitching: RHP Rex Hood
Batting: RHB Wallace Bane 0-0: Ball
1-0: Called Strike
1-1: Swinging Strike
1-2: Ball
2-2: Strikes out swinging
Batting: LHB Marvello Obra 0-0: Called Strike
0-1: Ball
1-1: Called Strike
1-2: Foul Ball, location: 2F
1-2: Strikes out swinging
Bottom of the 7th over - 0 runs, 0 hits, 0 errors, 1 left on base; Asheville 10 - Northville 1
TOP OF THE 8TH
Asheville Highlanders batting - Pitching for Northville Eclipse : RHP Ricardo Ramírez
Batting: RHB Harley Whitfield 0-0: Ball
1-0: Fly out, F9 (Line Drive, 89M)
Batting: LHB Jean Tannen 0-0: Ball
1-0: Foul Ball, location: 2F
1-1: Foul Ball, location: 2F
1-2: SINGLE (Line Drive, 8LS)
Batting: LHB John Hansen 0-0: Swinging Strike
0-1: Ball
1-1: Foul Ball, location: 2F
1-2: Strikes out swinging
Batting: RHB Craig Tricket 0-0: Ball
1-0: Ball
2-0: Ball
3-0: Called Strike
3-1: Base on Balls
Jean Tannen to second
Batting: LHB Landon Harryman 0-0: Fly out, F8 (Flyball, 8LD)
Top of the 8th over - 0 runs, 1 hit, 0 errors, 2 left on base; Asheville 10 - Northville 1
BOTTOM OF THE 8TH
Northville Eclipse batting - Pitching for Asheville Highlanders : RHP Rex Hood
Batting: RHB Sidney Mackell 0-0: Ball
1-0: Called Strike
1-1: SINGLE (Groundball, 25) (infield hit)
Batting: RHB Alfonso Grappasonni 0-0: Foul Ball, location: 2F
0-1: Foul Ball, location: 2F
0-2: Foul Ball, location: 2F
0-2: Strikes out looking
Batting: LHB Lonnie Murray 0-0: Called Strike
0-1: Swinging Strike
0-2: Fly out, F9 (Line Drive, 89D)
Batting: SHB Quentin Harrop 0-0: Ball
1-0: Swinging Strike
1-1: Ball
2-1: Ball
3-1: Base on Balls
Sidney Mackell to second
Batting: RHB Syed Sarkar 0-0: Called Strike
0-1: Ball
1-1: Fly out, F8 (Flyball, 8LM)
Bottom of the 8th over - 0 runs, 1 hit, 0 errors, 2 left on base; Asheville 10 - Northville 1
TOP OF THE 9TH
Asheville Highlanders batting - Pitching for Northville Eclipse : RHP Ricardo Ramírez
Pitching: RHP Vaugh Chesser
Batting: SHB José Segura 0-0: SINGLE (Groundball, 15S) (infield hit)
Batting: SHB Jeff Lowe 0-0: Ball
1-0: Ball
2-0: Called Strike
2-1: Foul Ball, location: 2F
2-2: Ball
3-2: SINGLE (Line Drive, 7S)
José Segura to second
José Segura to third
Batting: RHB Víctor Hernández 0-0: Called Strike
0-1: Foul Ball, location: 2F
0-2: Fielders Choice at 2nd, 3-6 (Groundball, 3)
José Segura scores
Batting: LHB Félix Calixto 0-0: SINGLE (Line Drive, 78S)
Víctor Hernández to second
Batting: RHB Harley Whitfield 0-0: Ball
Víctor Hernández steals 3rd base
1-0: Ball
2-0: Called Strike
2-1: Foul Ball, location: 2F
2-2: Strikes out swinging
Pinch Hitting: SHB Javier Luna 0-0: Ball
1-0: Ball
2-0: Ball
3-0: Base on Balls
Félix Calixto to second
Batting: LHB John Hansen 0-0: Called Strike
0-1: DOUBLE (Groundball, 3L)
Víctor Hernández scores
Félix Calixto scores
Javier Luna to third
Runner from 3rd tries for Home, SAFE, no throw
Batting: RHB Craig Tricket 0-0: Swinging Strike
0-1: Ball
1-1: Fly out, F9 (Flyball, 89M)
Top of the 9th over - 4 runs, 4 hits, 0 errors, 1 left on base; Asheville 14 - Northville 1
BOTTOM OF THE 9TH
Northville Eclipse batting - Pitching for Asheville Highlanders : RHP Rex Hood
Now in LF: Andrew Berven
Batting: LHB Kade Eagleton 0-0: Called Strike
0-1: Ball
1-1: Ball
2-1: Foul Ball, location: 2F
2-2: Ball
3-2: Fly out, F1 (Line Drive, 13)
Batting: RHB Chang-lit Min 0-0: Ball
1-0: Ball
2-0: Foul Ball, location: 2F
2-1: Fly out, F9 (Flyball, 89M)
Batting: RHB Wallace Bane 0-0: Called Strike
0-1: Foul Ball, location: 2F
0-2: Ball
1-2: Strikes out swinging
Bottom of the 9th over - 0 runs, 0 hits, 0 errors, 0 left on base; Asheville 14 - Northville 1
Tuesday, June 12th, 2018 - OOTP Baseball 18.8 Build 76